 Dungeon Crawl Stone Soup version 0.31-a0-846-gb3bcc0d938 (webtiles) character file.

Game seed: 4831835090229494775

30 Hubris850 the Caller (level 3, -3/19 HPs)
             Began as a Deep Elf Summoner on Oct 3, 2023.
             Frozen to death by an endoplasm (5 damage)
             ... on level 2 of the Dungeon.
             The game lasted 00:04:51 (807 turns).

Hubris850 the Caller (Deep Elf Summoner)             Turns: 807, Time: 00:04:52

Health: -3/19      AC:  3    Str:  5    XL:     3   Next: 5%
Magic:  8/10       EV: 13    Int: 19    God:
Gold:   111        SH:  0    Dex: 17    Spells: 6/9 levels left

rFire   . . .        d - +2 dagger (freeze)
rCold   . . .        (no shield)
rNeg    + . .        g - +0 robe {rN+}
rPois   .            (no helmet)
rElec   .            (no cloak)
rCorr   .            (no gloves)
SInv    .            f - +0 pair of boots
Will    .....        (no amulet)
Stlth   ++           (no ring)
HPRegen 0.23/turn    (no ring)
MPRegen 0.12/turn

%: no passive effects
@: no status effects
A: no striking features
a: no special abilities


You were on level 2 of the Dungeon.
You visited 1 branch of the dungeon, and saw 2 of its levels.

You collected 111 gold pieces.

Inventory:

Hand Weapons
 d - a +2 dagger of freezing (weapon)
Armour
 a - a +0 robe
 f - a +0 pair of boots (worn)
 g - a +0 robe of positive energy (worn)
Scrolls
 h - a scroll of identify {unknown}
 i - a scroll of fear {unknown}
 k - a scroll of vulnerability {unknown}
Potions
 b - 2 potions of magic
 c - a potion of haste {unknown}
 e - a potion of curing {unknown}
 j - a potion of attraction {unknown}
 l - a potion of might {unknown}
 m - a potion of degeneration {unknown}


   Skills:
 + Level 0.5 Short Blades
 + Level 2.9 Dodging
 + Level 3.0 Stealth
 + Level 3.5 Spellcasting
 + Level 4.6 Summonings


You had 6 spell levels left.
You knew the following spells:

 Your Spells              Type           Power      Damage    Failure   Level
a - Summon Small Mammal   Summ           84%        N/A       2%          1
b - Call Imp              Summ           42%        N/A       3%          2

Your spell library contained the following spells:

 Spells                   Type           Power      Damage    Failure   Level
 Call Canine Familiar     Summ           21%        N/A       6%          3
 Summon Guardian Golem    Hex/Summ       12%        N/A       17%         3
 Summon Lightning Spire   Summ/Air       12%        N/A       50%         4


Dungeon Overview and Level Annotations

Branches:
Dungeon (2/15)

Altars:
Elyvilon

Shops:
D:2 [


Message History

Your bat's corpse disappears in a puff of smoke!
The adder closely misses you. The adder closely misses you.
The adder barely misses you. The adder bites you.
Your bat hits the adder but does no damage.
The endoplasm jiggles.
The adder closely misses you. The adder bites you but does no damage.
You closely miss the adder. The endoplasm freezes you.
You are frozen.
The adder bites you. x2; Your rat barely misses the adder.
Your bat hits the adder.
You are too injured to fight recklessly!
You are too injured to fight recklessly!
You hit the adder. You freeze the adder.
The adder is heavily wounded.
Your bat closely misses the adder.
The adder bites you. The endoplasm misses you.
The adder bites you but does no damage. The adder barely misses you.
Your rat bites the adder but does no damage.
You hit the adder but do no damage.
The adder is heavily wounded.
Your bat hits the endoplasm. The adder bites you but does no damage.
Your bat completely misses the endoplasm.
The endoplasm freezes you.
You are frozen.
* * * LOW HITPOINT WARNING * * *
The adder barely misses you. The adder closely misses you.
Your rat barely misses the adder.
You barely miss the adder.
The adder is heavily wounded.
The endoplasm barely misses you.
Your bat hits the endoplasm but does no damage.
The adder barely misses you. The adder bites you.
* * * LOW HITPOINT WARNING * * *
You miss the adder.
The adder is heavily wounded.
Your rat bites the adder.
The endoplasm freezes you.
You are frozen.
You die...

#.....#..#....<..
#.##..####.......
#.##..# #..)....
#.##..####....... .
####................ ..#
#...................
....#+##......###......#
..8..r....._..###.####.#
......S@......#..># #.#
....b.JS......###'## #.#
.........##.#.##...# #.#
.........##...##...# ###
.........####.##...#
..8......# #..'...#
.........# #.##...#
#........# #.##...#
####...#


You could see 2 adders, an endoplasm, a friendly bat (summoned) and a friendly
rat (summoned).

Vanquished Creatures
  A dart slug (D:1)
  2 hobgoblins (D:1)
  A bat (D:1)
  2 kobolds (D:1)
  A rat (D:2)
7 creatures vanquished.

Vanquished Creatures (collateral kills)
  4 ball pythons
  An endoplasm (D:1)
  A hobgoblin (D:1)
  3 jackals (D:1)
  A bat (D:2)
  3 frilled lizards
  4 goblins
  3 kobolds
  2 rats (D:1)
22 creatures vanquished.

Grand Total: 29 creatures vanquished

Notes
Turn   | Place    | Note
-------+----------+-------------------------------------------
     0 | D:1      | Hubris850 the Deep Elf Summoner began the quest for the
                  | Orb.
     0 | D:1      | Reached XP level 1. HP: 10/10 MP: 6/6
   236 | D:1      | Reached XP level 2. HP: 9/15 MP: 5/8
   670 | D:2      | Found Bailoet's Antique Armour Emporium.
   697 | D:2      | Learned a level 2 spell: Call Imp
   703 | D:2      | Reached XP level 3. HP: 19/19 MP: 6/10
   761 | D:2      | Found a white marble altar of Elyvilon.
   807 | D:2      | Frozen to death by an endoplasm

Illustrated notes

Levels and vault maps discovered:
D:1:      onia_arrival_pyramid, layout_rooms, serial_curves, eino_curves_01,
          eino_curves_02, eino_curves_02, chequers_arboretum
D:2:      layout_basic, shapermc_ecumenical_altar_notcrosses, serial_shops,
          shop, basic_altar, st_stairs_1

Skill      XL: |  1  2 |
---------------+-------+-----
Stealth        | 3 |  3.0
Short Blades   | |  0.5
Dodging        | |  2.9
Spellcasting   | |  3.5
Summonings     | |  4.6

Action                     || total
---------------------------++-------
  Melee: Unarmed           ||     9
         Dagger            ||    24
   Cast: Summon Small Mamm ||    31
         Call Imp          ||     1
   Stab: Sleeping          ||     1
 Armour: Robe              ||    24
  Dodge: Dodged            ||    39

Table legend: (Time is in decaauts)
 A = Elapsed time spent in this place.
 B = Non-inter-level travel time spent in this place.
 C = Inter-level travel time spent in this place.
 D = Time resting spent in this place.
 E = Time spent auto-exploring this place.
 F = Levels seen in this place.
 G = Mean time per level.
                   A        B        C        D        E       F      G
               +--------+--------+--------+--------+--------+-----+--------+
         Total |    805 |    753 |     52 |     19 |    476 |   2 |  402.5 |
       Dungeon |    805 |    753 |     52 |     19 |    476 |   2 |  402.5 |
               +--------+--------+--------+--------+--------+-----+--------+

Top non-repeatable levels by time:
     D:1: 669 daAuts
     D:2: 136 daAuts
